AoeStats
← NORTHLANDER

MegaRandom

503753463Analyzed
1v1 RM · 1mo ago on Sep 2, 2026· 48m 51s· 2 players
Game mode
Random Map
Map size
Tiny (2 player)
Population
200
Speed
Normal
Resources
Standard
Victory
Conquest
Starting age
Dark Age
Ending age
Imperial Age
RankedLock teamsTeams togetherTeam positionsShared explorationLock speedFull tech treeHidden civsTurbo modeCheats
Victory
Defeat
🇦🇷 Georgians · Argentina
992
+16
🇸🇪 Lithuanians · Sweden
1000
-49
RuloEstuvoAcá
3:14 Loom
10:33 Feudal Age
11:30 Double-Bit Axe
15:53 Horse Collar
21:24 Castle Age
20:08 Forging
20:00 Scale Mail Armor
21:34 Pikeman
22:19 Squires
22:59 Iron Casting
23:30 Town Watch
24:41 Chain Mail Armor
24:45 Bloodlines
24:35 Husbandry
26:27 Scale Barding Armor
26:38 Gold Mining
27:01 Bow Saw
29:01 Wheelbarrow
29:19 Arson
30:16 Chain Barding Armor
31:48 Hand Cart
31:35 Stone Mining
40:49 Imperial Age
40:10 Ballistics
39:35 Treadmill Crane
40:00 Fletching
41:51 Town Patrol
41:16 Cavalier
42:39 Plate Barding Armor
43:05 Blast Furnace
43:27 Conscription
45:04 Heavy Plow
47:52 Chemistry
NORTHLANDER
8:03 Loom
11:45 Feudal Age
12:54 Horse Collar
17:27 Castle Age
18:08 Pikeman
19:55 Scale Barding Armor
25:28 Chain Barding Armor
25:33 Fletching
29:15 Forging
34:03 Bloodlines
36:57 Husbandry
37:01 Elite Skirmisher
39:20 Wheelbarrow
41:44 Imperial Age
41:52 Imperial Age
39:34 Bodkin Arrow
39:42 Padded Archer Armor
42:23 Thumb Ring
42:47 Ballistics
46:36 Heavy Cavalry Archer
47:48 Bracer
Connection lost

Rejoining the realm…

Still unreachable

The connection could not be restored.

Session expired

The server has moved on; the page needs a fresh start.